 Dungeon Crawl Stone Soup version 0.31.0-2-g5a2aebc5c2 (webtiles) character file.

Game seed: 12965267619302838359

67 Sweeb the Slasher (level 4, -1/28 HPs)
             Began as a Tengu Berserker on Jan 20, 2024.
             Was a Believer of Trog.
             Slain by a ribbon worm (5 damage)
             ... on level 2 of the Dungeon.
             The game lasted 00:02:02 (741 turns).

Sweeb the Slasher (Tengu Berserker)                  Turns: 741, Time: 00:02:03

Health: -1/28      AC:  2    Str: 17    XL:     4   Next: 16%
Magic:  5/5        EV:  7    Int:  8    God:    Trog [**....]
Gold:   33         SH:  0    Dex: 15    Spells: 3/3 levels left

rFire   . . .        a - +0 falchion
rCold   . . .        (no shield)
rNeg    . . .        b - +0 animal skin
rPois   .            (helmet restricted)
rElec   .            (no cloak)
rCorr   .            (no gloves)
SInv    .            (boots unavailable)
Will    .....        (no amulet)
Stlth   ++           (no ring)
HPRegen 0.24/turn    (no ring)
MPRegen 0.09/turn

%: acrobat
@: lethally poisoned (-1 -> -3), held
A: beak, talons 3, acrobatic
a: Renounce Religion, Berserk, Trog's Hand


You were on level 2 of the Dungeon.
You worshipped Trog.
Trog was pleased with you.
You visited 1 branch of the dungeon, and saw 2 of its levels.

You collected 33 gold pieces.

Inventory:

Hand Weapons
 a - a +0 falchion (weapon)
Armour
 b - a +0 animal skin (worn)
Jewellery
 f - an amulet of regeneration
Scrolls
 c - 2 scrolls of revelation
 e - a scroll of identify {unknown}
Potions
 d - a potion of curing {unknown}
 g - a potion of invisibility {unknown}
 h - a potion of might {unknown}
 i - a potion of lignification {unknown}


   Skills:
 + Level 3.3 Fighting
 * Level 4.0 Long Blades
 + Level 2.8 Armour
 * Level 3.1 Dodging
 + Level 1.1 Stealth


You had 3 spell levels left.
You didn't know any spells.
Your spell library was empty.

Dungeon Overview and Level Annotations

Branches:
Dungeon (2/15)

Altars:


Innate Abilities, Weirdness & Mutations

You have a beak for a mouth.
You have claws for feet.
You can magically evade attacks while moving or waiting.


Message History

The web tears apart.
The ribbon worm bites you! The adder completely misses you.
The ribbon worm expels a string of sticky webbing.
The stream of webbing misses you. The ribbon worm misses you.
The adder attacks as it pursues you! The adder completely misses you.
The ribbon worm attacks as it pursues you!
The ribbon worm misses you. The adder completely misses you.
You slash the ribbon worm!
You claw the ribbon worm, but do no damage.
The ribbon worm is heavily wounded.
The adder barely misses you.
The ribbon worm expels a string of sticky webbing.
The stream of webbing misses you.
You slash the ribbon worm!
You kill the ribbon worm!
Trog accepts your kill. The adder bites you.
Your Long Blades skill increases to level 4!
You hit the adder. Your kick misses the adder. You peck the adder.
The adder is heavily wounded.
The adder bites you. The adder misses you.
You hit the adder. Your kick misses the adder. Your peck misses the adder.
The adder is almost dead.
The adder bites you.
You are poisoned.
The adder poisons you!
You miss the adder. Your kick misses the adder.
The adder is almost dead.
You feel sick. The adder closely misses you. x2
The ribbon worm expels a string of sticky webbing.
The stream of webbing hits you but does no damage.
You are caught in a web!
You struggle to detach yourself from the web.
You feel sick. The adder bites you.
* * * LOW HITPOINT WARNING * * *
You struggle to detach yourself from the web.
You feel sick. The adder bites you.
* * * LOW HITPOINT WARNING * * *
The ribbon worm bites you.
You die...

#.♣...♣.#......#....##.#...#.....
#...8...#......#..#.##.#.........
#.♣...♣.##...#.#.......#.........
#.......####.#.#....#..#......#.#
############...#.......##.....#.#
...........................<.)...
......##.#####.........##........
#.#.####.....#.w....#####......).
#>.............S@...# #........
############.#......# #........
#.#....#.# #........ #>#....#.#
#........ #.#....#.# ##...#...
#.#....# #[..#... #.#....# #..
#... #.#....# #.## #.# #. .


You could see a ribbon worm (catching breath) and an adder.

Vanquished Creatures
  4 gnolls (D:2)
  A ribbon worm (D:2)
  An endoplasm (D:2)
  2 goblins (D:2)
  3 hobgoblins (D:1)
  A quokka (D:1)
  4 ball pythons
  2 frilled lizards (D:1)
  5 kobolds
  7 rats
30 creatures vanquished.

Notes
Turn   | Place    | Note
-------+----------+-------------------------------------------
     0 | D:1      | Sweeb the Tengu Berserker began the quest for the Orb.
     0 | D:1      | Reached XP level 1. HP: 14/14 MP: 2/2
    60 | D:1      | Reached XP level 2. HP: 7/19 MP: 3/3
   426 | D:2      | Reached XP level 3. HP: 4/23 MP: 4/4
   523 | D:2      | Reached skill level 1 in Stealth
   523 | D:2      | Reached ** piety under Trog
   524 | D:2      | Reached XP level 4. HP: 15/28 MP: 5/5
   737 | D:2      | Reached skill level 4 in Long Blades
   741 | D:2      | Slain by a ribbon worm

Illustrated notes

Levels and vault maps discovered:
D:1:      dpeg_arrival_solitude, layout_rooms, kennysheep_nondescript
D:2:      layout_basic, dreamdust_princess_bridge, minmay_quantized,
          uniq_natasha, uniq_sigmund

Skill      XL: |  1  2  3  4 |
---------------+-------------+-----
Dodging        | 3 |  3.1
Stealth        | 1 |  1.1
Long Blades    | 4 |  4.0
Fighting       | |  3.3
Armour         | |  2.8

Action                     |  1- 3 |  4- 6 || total
---------------------------+-------+-------++-------
  Melee: Falchion          |    62 |    12 ||    74
         Kick              |    12 |     1 ||    13
         Peck              |     8 |     3 ||    11
         Punch             |     1 |       ||     1
 Invoke: Berserk           |     1 |       ||     1
    Use: Scroll            |     1 |       ||     1
 Armour: Animal skin       |    21 |     9 ||    30
  Dodge: Dodged            |    61 |    14 ||    75
